 Seeded DCSS version 0.29-a0-231-g945431f764 (webtiles) character file.

Game seed: 684492102606385270 (custom seed)

8 mcwallace the Shield-Bearer (level 2, 0/24 HPs)
             Began as a Formicid Fighter on Mar 1, 2022.
             Slain by a rat (1 damage)
             ... on level 1 of the Dungeon.
             The game lasted 00:00:37 (565 turns).

mcwallace the Shield-Bearer (Formicid Fighter)       Turns: 565, Time: 00:00:37

Health: 0/24       AC:  6    Str: 20    XL:     2   Next: 15%
Magic:  2/2        EV:  9    Int:  7    God:
Gold:   53         SH:  4    Dex: 10    Spells: 1/1 levels left

rFire   . . .      SeeInvis +   a - +0 flail {mace}
rCold   . . .      Faith    .   c - +0 buckler
rNeg    . . .      Spirit   .   b - +0 scale mail
rPois   .          Reflect  .   (helmet unavailable)
rElec   .          Harm     .   (no cloak)
rCorr   .          Rampage  .   (no gloves)
Will    .....                   (no boots)
Stlth   ..........              (no amulet)
HPRegen 0.08/turn               (no ring)
MPRegen 0.08/turn               (no ring)

@: no status effects
A: permanent stasis, dig shafts and tunnels, antennae 3, four strong arms
a: Dig, Shaft Self


You were on level 1 of the Dungeon.
You visited 1 branch of the dungeon, and saw 2 of its levels.

You collected 53 gold pieces.


Innate Abilities, Weirdness & Mutations

You cannot be hasted, slowed, berserked, paralysed or teleported.
You can dig through walls and to a lower floor.
You have a pair of large antennae on your head. (SInv)
Your four strong arms can wield two-handed weapons with a shield.


   Skills:
 + Level 3.4 Fighting
 + Level 2.1 Maces & Flails
 + Level 3.4 Armour
 + Level 0.3 Dodging
 + Level 3.8 Shields


You had one spell level left.
You didn't know any spells.
Your spell library was empty.

Inventory:

Hand Weapons
 a - a +0 flail (weapon) {mace}
Missiles
 m - 22 stones {throwing}
Armour
 b - a +0 scale mail (worn)
 c - a +0 buckler (worn)
 f - a +0 robe
   (You found it on level 1 of the Dungeon)
 n - an orb of energy
   (You found it on level 1 of the Dungeon)
Scrolls
 e - a scroll of holy word {unknown}
 g - a scroll of magic mapping {unknown}
 i - a scroll of summoning {unknown}
 k - a scroll of teleportation {unknown}
 l - a scroll of fear {unknown}
 o - a scroll of enchant weapon {unknown}
 q - a scroll of vulnerability {unknown}
 r - a scroll of identify {unknown}
Potions
 d - a potion of might
 h - a potion of resistance {unknown}
 j - 2 potions of mutation {unknown}
 p - a potion of haste {unknown}

Dungeon Overview and Level Annotations

Branches:
Dungeon (2/15)

Altars:

#.##.............####.###.###...
#.#................##.# #..####.
#.####...........#.##.# ##.## #.
#.....................# #..# #.
#######.........##.#### ###.###.
#.........##.######..†..#.
#.........##.#..........#.
#.........####..........#+
#........@# #............
#.......rl# #............
#.........# #....#.......
####.....## #....#.......
#...### #....#....... #...#
#....+..###.. #...#
#....#......> #...#
##'#.#...###. #...# #.#.....# ##


You could see a frilled lizard and a rat.


Message History

The ball python bites you but does no damage.
The ball python constricts you.
The ball python bites you but does no damage.
The ball python constricts you.
A ball python is nearby!
You sock the ball python!
You kill the ball python!
Key pressed, stopping explore.
No target in view! 😎 HP[+2]
Your hp is fully restored (24).
Key pressed, stopping explore.
No target in view!
You now have 53 gold pieces (gained 14).
r - a scroll labelled PAECOT NABENUOCWYG Done exploring.
Done exploring.
Done exploring.
Key pressed, stopping explore.
No target in view!
No target in view!
Done exploring.
No target in view!
Done exploring.
No target in view!
Done exploring.
There is an escape hatch in the floor here.
You slide downwards.
The hatch slams shut behind you.
The frilled lizard hisses angrily.
The kobold shouts!
Found a fuming amethyst potion.
Found an escape hatch in the ceiling.
There are monsters nearby!
A worm comes into view.
The kobold hits you with a +0 dagger. 😕 HP[-3]
You take 3 damage, and now have 21/24 hp.
You barely miss the kobold. The kobold hits you but does no damage.
The rat bites you but does no damage.
There are monsters nearby!
You miss the kobold. You block the rat's attack.
The kobold hits you but does no damage.
The frilled lizard hisses.
There are monsters nearby!
You barely miss the kobold. The kobold hits you but does no damage.
The rat bites you but does no damage. You block the rat's attack.
The kobold hits you but does no damage.
The frilled lizard bites you but does no damage.
There are monsters nearby!
You miss the kobold. The rat barely misses you.
The kobold completely misses you. The frilled lizard barely misses you.
There are monsters nearby!
You hit the kobold. The kobold hits you but does no damage. The rat bites you.
The frilled lizard bites you. The rat bites you but does no damage.
The kobold hits you but does no damage.
Unknown command. 😮 HP[-4]
You take 4 damage, and now have 17/24 hp.
You are too injured to fight recklessly!
There are monsters nearby!
You are too injured to fight recklessly!
There are monsters nearby!
You are too injured to fight recklessly!
There are monsters nearby!
You are too injured to fight recklessly!
Unknown command.
You hit the kobold.
You kill the kobold!
The frilled lizard bites you but does no damage.
The rat barely misses you. The frilled lizard closely misses you.
You barely miss the worm. The rat bites you but does no damage.
The frilled lizard bites you. The worm bites you!
* * * LOW HITPOINT WARNING * * *
😨 HP[-7]
You take 7 damage, and now have 10/24 hp.
MASSIVE DAMAGE!! (PAUSE)
You hit the worm. You block the rat's attack.
The frilled lizard barely misses you. You block the rat's attack.
You barely miss the worm.
The frilled lizard bites you but does no damage.
The worm barely misses you. The rat barely misses you.
The frilled lizard bites you but does no damage.
You hit the worm but do no damage. The rat bites you but does no damage.
The worm bites you!
* * * LOW HITPOINT WARNING * * *
You block the frilled lizard's attack. 😱 HP[-8]
You take 8 damage, and now have 2/24 hp.
MASSIVE DAMAGE!! (PAUSE)
You block the rat's attack. The frilled lizard barely misses you.
Things that are here:
a +0 dagger {short}; 5 stones {throwing}; a kobold corpse The frilled lizard barely misses you.
There is an escape hatch in the ceiling here.
The rat bites you.
* * * LOW HITPOINT WARNING * * *
The frilled lizard bites you but does no damage.
A mysterious force pulls you upwards.
The hatch slams shut behind you. 😱 HP[-1]
You take 1 damage, and now have 1/24 hp.
You barely miss the frilled lizard. The rat bites you.
You die...

Action                   || total
-------------------------++-------
Melee: Flail             ||    47
Armor: Scale mail        ||    40
Dodge: Dodged            ||    25
Block: Buckler           ||    13

Levels and vault maps discovered:
D:1:      dpeg_arrival_rhombus, layout_basic, hellmonk_ecumenical_altar_run_dry
D:2:      layout_rooms, serial_shops, shop_fountains, basic_altar,
          nicolae_figureground_sparkle, uniq_jessica

Notes
Turn   | Place    | Note
-------+----------+-------------------------------------------
     0 | D:1      | mcwallace the Formicid Fighter began the quest for the Orb.
     0 | D:1      | Reached XP level 1. HP: 18/18 MP: 1/1
     0 | D:1      | magus.rc [v1.9.6]
   213 | D:1      | Found a faded altar of an unknown god.
   270 | D:1      | Reached XP level 2. HP: 19/24 MP: 2/2
   558 | D:2      | HP: 2/24 [worm (8)]
   563 | D:2      | HP: 1/24 [rat (1)]
   565 | D:1      | Slain by a rat

Vanquished Creatures
  3 giant cockroaches (D:1)
  4 ball pythons (D:1)
  A kobold (D:2)
  A rat (D:1)
9 creatures vanquished.

Table legend:
 A = Non-vault XP
 B = Vault XP
 C = Vault XP percentage of total XP
 D = Non-vault monster count
 E = Vault monster count
 F = Vault count percentage of total count
                 A         B        C        D         E       F
            +---------+---------+-------+---------+---------+-------
      Total |      12 |       0 |   0.0 |       9 |       0 |   0.0
            +---------+---------+-------+---------+---------+-------
        D:1 |      11 |       0 |   0.0 |       8 |       0 |   0.0
        D:2 |       1 |       0 |   0.0 |       1 |       0 |   0.0
            +---------+---------+-------+---------+---------+-------

Illustrated notes

Table legend:
 A = Kills in this place as a percentage of kills in entire the game.
 B = Kills by you in this place as a percentage of kills by you in the entire game.
 C = Kills by friends in this place as a percentage of kills by friends in the entire game.
 D = Other kills in this place as a percentage of other kills in the entire game.
 E = Experience gained in this place as a percentage of experience gained in the entire game.
 F = Experience gained in this place divided by the number of levels of this place that you have seen.
                   A       B       C       D       E      F
               +-------+-------+-------+-------+-------+----------------------
         Total | 100.0 | 100.0 |   N/A |   N/A | 100.0 |   6.0
       Dungeon | 100.0 | 100.0 |   N/A |   N/A | 100.0 |   6.0
               +-------+-------+-------+-------+-------+----------------------

Table legend: (Time is in decaauts)
 A = Elapsed time spent in this place.
 B = Non-inter-level travel time spent in this place.
 C = Inter-level travel time spent in this place.
 D = Time resting spent in this place.
 E = Time spent auto-exploring this place.
 F = Levels seen in this place.
 G = Mean time per level.
                   A        B        C        D        E       F      G
               +--------+--------+--------+--------+--------+-----+--------+
         Total |    580 |    564 |     16 |      0 |    454 |   2 |  290.0 |
       Dungeon |    580 |    564 |     16 |      0 |    454 |   2 |  290.0 |
               +--------+--------+--------+--------+--------+-----+--------+

Top non-repeatable levels by time:
     D:1: 559 daAuts
     D:2: 21 daAuts
